 Dungeon Crawl Stone Soup version 0.29.1-14-g9c671dbff4 (webtiles) character file.

Game seed: 4561900771349646373

637898 devnull the Lord of Darkness (level 26, -11/205 HPs)
             Began as a Demonspawn Necromancer on Jan 29, 2023.
             Was the Champion of Kikubaaqudgha.
             Killed from afar by an electric golem (19 damage)
             ... with a bolt of lightning
             ... on level 5 of the Realm of Zot on Feb 18, 2023.
             The game lasted 10:05:34 (74775 turns).

devnull the Lord of Darkness (DsNe)                Turns: 74775, Time: 10:05:35

Health: -11/205    AC: 21    Str: 10    XL:     26   Next: 98%
Magic:  19/51      EV: 12    Int: 31    God:    Kikubaaqudgha [******]
Gold:   5252       SH: 20    Dex: 16    Spells: 15/73 levels left

rFire   + + .      SeeInvis +   d - +5 spear of Isufy {vorpal, SInv}
rCold   + . .      Faith    .   N - +5 kite shield {reflect}
rNeg    + . .      Spirit   .   T - +3 ring mail "Ging" {rF- rC+ Regen+ Slay+4 Stlth+}
rPois   +          Reflect  +   (helmet restricted)
rElec   .          Harm     .   W - +2 cloak {Will+}
rCorr   .          Rampage  .   E - +2 pair of gloves
Will    +++++      Clarity  +   (boots unavailable)
Stlth   ++++++....              M - amulet of the Four Winds {rN+ Will+++ Clar}
HPRegen 1.24/turn               u - ring of protection from fire
MPRegen 0.32/turn               f - ring of the Death Scarab {rF+ Int+6}

@: death channelling, studying 2 skills
A: hooves 3, slimy green scales 3, robust 3, spiny 3, demonic magic 2, horns 1,
fire resistance 1, shaggy fur 1, noise suppression, devolution 1
}: 4/15 runes: decaying, serpentine, silver, abyssal
a: Renounce Religion, Unearth Wretches, Torment


You were on level 5 of the Realm of Zot.
You worshipped Kikubaaqudgha.
Kikubaaqudgha was exalted by your worship.
You visited 13 branches of the dungeon, and saw 54 of its levels.
You visited the Abyss 1 time.
You also visited: Trove, Ossuary, Gauntlet, Ice Cave, Volcano and Desolation.

You collected 9454 gold pieces.
You spent 4202 gold pieces at shops.

Inventory:

Hand Weapons
 b - the +5 dagger of Extremism {spect, Str+7}
   (You found it in the Desolation of Salt)

   When its wielder attacks, the weapon's spirit leaps out and strikes again.
   The spirit shares a part of any damage it takes with its wielder.
   Str:       It affects your strength (+7).
 c - a +7 demon trident of flaming
 d - the +5 spear of Isufy (weapon) {vorpal, SInv}
   (You found it on level 1 of the Vaults)

   It inflicts extra damage upon your enemies.
   SInv:      It lets you see invisible.
 e - the +3 morningstar of Skirmishing {protect, Will+ Stlth+}
   (You found it on level 3 of the Elven Halls)

   It grants its wielder temporary protection when it strikes (+7 to AC).
   Will:      It increases your willpower.
   Stlth:     It makes you more stealthy.
Missiles
 Q - 7 throwing nets
Armour
 r - the +10 scale mail of Summertime {rElec}
   (You bought it in a shop on level 2 of the Orcish Mines)

   rElec:     It insulates you from electricity.
 E - a +2 pair of gloves (worn)
 N - a +5 kite shield of reflection (worn)
 T - the +3 ring mail "Ging" (worn) {rF- rC+ Regen+ Slay+4 Stlth+}
   (You bought it in a shop on level 2 of the Orcish Mines)

   Slay:      It affects your accuracy & damage with ranged weapons and melee
   (+4).
   rF:        It makes you vulnerable to fire.
   rC:        It protects you from cold.
   Regen:     It increases your rate of health regeneration.
   Stlth:     It makes you more stealthy.
 W - a +2 cloak of willpower (worn)
Magical Staves
 a - a staff of death
Jewellery
 f - the ring of the Death Scarab (right hand) {rF+ Int+6}
   (You found it in a Gauntlet)

   [ring of intelligence]

   Int:       It affects your intelligence (+6).
   rF:        It protects you from fire.
 j - a +6 ring of intelligence
 t - the ring of Shadows {Umbra +Inv Stlth+}
   (You found it on level 3 of the Elven Halls)

   [ring of stealth]

   It surrounds you with an aura of shadow, increasing your stealth and reducing
   the accuracy of all others within it.
   +Inv:      It lets you turn invisible.
   Stlth:     It makes you more stealthy.
 u - a ring of protection from fire (left hand)
 D - a ring of protection from cold
 F - a ring of flight
 M - the amulet of the Four Winds (around neck) {rN+ Will+++ Clar}
   (You found it on level 7 of the Dungeon)

   [amulet of nothing]

   rN:        It protects you from negative energy.
   Clar:      It protects you against confusion.
   Will:      It greatly increases your willpower.
 S - the ring "Bahulepe" {Will+ AC+4}
   (You found it in the Desolation of Salt)

   [ring of protection]

   AC:        It affects your AC (+4).
   Will:      It increases your willpower.
 V - a +4 ring of protection
 X - the ring "Yshaec" {Wiz rC+}
   (You found it on level 10 of the Dungeon)

   [ring of wizardry]

   It improves your spell success rate.
   rC:        It protects you from cold.
Wands
 n - a wand of mindburst (32)
 p - a wand of iceblast (65)
 w - a wand of flame (35)
 y - a wand of acid (18)
 z - a wand of charming (49)
 I - a wand of digging (29)
 Z - a wand of polymorph (38)
Scrolls
 h - 10 scrolls of butterflies
 l - 7 scrolls of torment
 m - 11 scrolls of amnesia
 o - 10 scrolls of fear
 x - 2 scrolls of blinking
 A - 5 scrolls of silence
 G - a scroll of acquirement
 H - 12 scrolls of poison
 J - 15 scrolls of teleportation
 L - a scroll of magic mapping
 O - 7 scrolls of brand weapon
 U - 6 scrolls of enchant armour
 Y - 4 scrolls of summoning
Potions
 g - 8 potions of resistance
 i - 12 potions of flight
 k - 20 potions of curing
 q - a potion of heal wounds
 v - 19 potions of might
 B - 7 potions of invisibility
 C - 15 potions of brilliance
 K - 5 potions of cancellation
 P - 3 potions of haste
 R - a potion of magic
Miscellaneous
 s - a phial of floods


   Skills:
 - Level 5.4 Fighting
 - Level 7.0(9.3) Maces & Flails
 - Level 8.7(10.6) Polearms
 - Level 9.7(12.0) Staves
 - Level 7.3 Armour
 - Level 5.0 Dodging
 - Level 14.6 Stealth
 - Level 19.9 Shields
 + Level 24.3 Spellcasting
 - Level 0.4 Hexes
 - Level 14.0 Summonings
 O Level 27 Necromancy
 - Level 6.9 Earth Magic
 - Level 18.0 Evocations


You had 15 spell levels left.
You knew the following spells:

 Your Spells              Type           Power      Damage    Failure   Level
a - Necrotise             Necr           100%       1d9       0%          1
b - Vampiric Draining     Necr           100%       2d13      0%          3
c - Agony                 Necr           100%       N/A       0%          5
d - Haunt                 Necr/Summ      52%        N/A       1%          7
e - Infestation           Necr           58%        N/A       1%          8
f - Sublimation of Blood  Necr           100%       N/A       0%          2
g - Borgnjor's Vile Clut  Necr/Erth      48%        N/A       1%          5
h - Death Channel         Necr           58%        N/A       0%          6
i - Dispel Undead         Necr           100%       3d31      0%          4
j - Death's Door          Necr           58%        N/A       3%          9
k - Borgnjor's Revivific  Necr           58%        N/A       1%          8

Your spell library contained the following spells:

 Spells                   Type           Power      Damage    Failure   Level
 Summon Small Mammal      Summ           100%       N/A       0%          1
 Call Imp                 Summ           90%        N/A       0%          2
 Animate Dead             Necr           100%       N/A       0%          4
 Slow                     Hex            100%       N/A       1%          1
 Passwall                 Tmut/Erth      46%        N/A       1%          2
 Call Canine Familiar     Summ           90%        N/A       1%          3
 Stone Arrow              Conj/Erth      100%       3d13      1%          3
 Summon Guardian Golem    Hex/Summ       70%        N/A       1%          3
 Anguish                  Hex/Necr       44%        N/A       1%          4
 Corpse Rot               Necr/Pois/Air  76%        N/A       1%          4
 Summon Lightning Spire   Summ/Air       69%        N/A       1%          4
 Simulacrum               Ice/Necr       44%        N/A       1%          6
 Summon Cactus Giant      Summ           45%        N/A       1%          6
 Apportation              Tloc           74%        N/A       2%          1
 Beastly Appendage        Tmut           74%        N/A       2%          1
 Foxfire                  Conj/Fire      100%       2x1d9     2%          1
 Freeze                   Ice            100%       1d11      2%          1
 Blink                    Tloc           74%        N/A       3%          2
 Ensorcelled Hibernation  Hex/Ice        78%        N/A       3%          2
 Poisonous Vapours        Pois/Air       74%        N/A       3%          2
 Scorch                   Fire           74%        2d8       3%          2
 Static Discharge         Conj/Air       37%        3-8/arc   3%          2
 Wereblood                Tmut           37%        N/A       3%          2
 Lee's Rapid Deconstruct  Erth           34%        3d18*     3%          5
 Summon Forest            Summ/Tloc      34%        N/A       3%          5
 Leda's Liquefaction      Hex/Erth       28%        N/A       4%          4
 Petrify                  Tmut/Erth      56%        N/A       5%          4
 Confusing Touch          Hex            40%        N/A       6%          3
 Dazzling Flash           Conj/Hex       78%        N/A       6%          3
 Inner Flame              Hex/Fire       39%        N/A       6%          3
 Portal Projectile        Hex/Tloc       78%        N/A       6%          3
 Tukima's Dance           Hex            40%        N/A       6%          3
 Summon Hydra             Summ           45%        N/A       6%          7
 Conjure Flame            Conj/Fire      37%        6-21      7%          3
 Frozen Ramparts          Ice            74%        1d12      7%          3
 Gell's Gravitas          Tloc           37%        N/A       7%          3
 Ignite Poison            Fire/Tmut/Pois 37%        N/A       7%          3
 Mephitic Cloud           Conj/Pois/Air  37%        N/A       7%          3
 Spider Form              Tmut/Pois      37%        N/A       7%          3
 Swiftness                Air            37%        N/A       7%          3
 Teleport Other           Tloc           37%        N/A       7%          3
 Cause Fear               Hex            20%        N/A       19%         4
 Fulminant Prism          Conj/Hex       19%        3d11      22%         4
 Flame Wave               Conj/Fire      37%        2d10      24%         4
 Hailstorm                Conj/Ice       37%        3d9       24%         4
 Iskenderun's Mystic Bla  Conj/Tloc      37%        2d9       24%         4
 Passage of Golubria      Tloc           37%        N/A       24%         4
 Sticky Flame             Conj/Fire      37%        2d6       24%         4
 Metabolic Englaciation   Hex/Ice        19%        N/A       52%         5
 Yara's Violent Unravell  Hex/Tmut       19%        3d9       52%         5
 Necromutation            Tmut/Necr      44%        N/A       52%         8
 Alistair's Intoxication  Tmut/Pois      24%        N/A       54%         5
 Blade Hands              Tmut           18%        N/A       54%         5
 Fireball                 Conj/Fire      18%        3d9       54%         5
 Freezing Cloud           Conj/Ice/Air   18%        6-21      54%         5
 Irradiate                Conj/Tmut      18%        3d17      54%         5
 Lightning Bolt           Conj/Air       18%        1d33      54%         5
 Statue Form              Tmut/Erth      37%        N/A       65%         6
 Spellforged Servitor     Conj/Summ      34%        N/A       75%         7
 Conjure Ball Lightning   Conj/Air       18%        3x3d6     98%         6
 Dispersal                Tloc           18%        N/A       98%         6
 Eringya's Noxious Bog    Tmut/Pois      18%        N/A       98%         6
 Starburst                Conj/Fire      18%        6d7       98%         6
 Dragon Form              Tmut           18%        N/A       100%        7
 Enfeeble                 Hex            20%        N/A       100%        7
 Orb of Destruction       Conj           18%        9d8       100%        7
 Discord                  Hex            20%        N/A       100%        8
 Disjunction              Tloc           18%        N/A       100%        8
 Ignition                 Fire           18%        3d7       100%        8
 Maxwell's Capacitive Co  Air            18%        ∞         100%        8
 Dragon's Call            Summ           45%        N/A       100%        9
 Polar Vortex             Ice            18%        N/A       100%        9


Dungeon Overview and Level Annotations

Branches:
Dungeon (15/15)            Temple (1/1) D:5            Lair (5/5) D:8
  Swamp (4/4) Lair:3        Snake (4/4) Lair:3        Slime (1/5) Lair:4
    Orc (2/2) D:10            Elf (3/3) Orc:2        Vaults (5/5) D:14
  Crypt (3/3) Vaults:2       Tomb (2/3) Crypt:3      Depths (4/4) D:15
    Zot (5/5) Depths:4    Ossuary (visited)           IceCv (visited)
Volcano (visited)         Desolation (visited)      Gauntlet (visited)

Altars:
Ashenzari
Cheibriados
Dithmenos
Fedhas
Gozag
Hepliaklqana
Kikubaaqudgha
Makhleb
Nemelex Xobeh
Okawaru
Qazlal
Ru
Sif Muna
Trog
Uskayaw
Vehumet
Wu Jian
Xom
Yredelemnul
Jiyva
Lugonu

Shops:
D:6 :   D:9 *   D:10 [[([*   D:11 =   D:13 *   Orc:2 ([*:   Elf:2 :   Snake:1 :
Snake:2 *[   Snake:3 (   Vaults:1 (   Vaults:4 :   Depths:1 ?   Depths:2 (

Portals:
Hell: Depths:1 Depths:2 Depths:3 Depths:4
Abyss: Depths:3
Pandemonium: Depths:2 Depths:3
Ziggurat: Depths:3


Innate Abilities, Weirdness & Mutations

You have hooves in place of feet.
You are completely covered in slimy green scales. (AC +4, rPois)
You are extremely robust. (+30% HP)
You are completely covered in sharp spines.
Spells you cast may paralyse nearby enemies.
You have a pair of small horns on your head.
Your flesh is heat resistant. (rF+)
You are covered in fur. (AC +1)
You passively dampen the noise of your surroundings.
You have hidden genetic defects.


Message History

A bolt of fire appears from out of your range of vision.
The Killer Klown pies you viciously!
Your +5 kite shield of reflection reflects the klown pie!
The klown pie misses the Killer Klown.
The klown pie hits the orb of fire!!
Blueberry!
The orb of fire loses the ability to speak.
Aiming: Borgnjor's Vile Clutch (safe; 1% risk of failure)
Press: ? - help, Q - select action, (/) - cycle Shift-Dir - straight line, f - Killer Klown
Aim: a Killer Klown, wielding a +11 club of flaming (heavily wounded, infested, 100% to hit)
Zombie hands grab the Killer Klown.
The orb of fire is unaffected.
Malevolent energies surge around you.
The zombie hands constrict the Killer Klown.
The electric golem blinks!
Your death scarab bites the orb of fire but does no damage.
The Killer Klown struggles to escape constriction.
Really walk into that permanent teleport trap?
You enter a permanent teleport trap!
Your surroundings suddenly seem different.
The zombie hands lose their grip on something.
You enter the Zot trap.
The power of Zot is invoked against you!
Your willpower is stripped away!
There is a Zot trap here.
You can drink potions again.
Unknown command.
You feel your willpower return.
A bolt of lightning appears from out of your range of vision.
The bolt of lightning hits your death scarab!!!
Your death scarab is destroyed!
An electric golem is nearby!
The electric golem hurls lightning at you.
The bolt of lightning hits you!!!
* * * LOW HITPOINT WARNING * * *
The bolt of lightning hits you!
* * * LOW HITPOINT WARNING * * *
The electric golem hurls lightning at you.
The bolt of lightning hits you!!
You die...
Kikubaaqudgha rasps: "You have failed me!
Welcome... death!"

.###W...................#
## #................)...#
# #..^.9....).........^#
# #........9...........#
#.....^.^.)..........# #
#.............^......# #
##..................## ##
##...........^....## .#
##....^....@....## ##
################


You could see an electric golem.

Vanquished Creatures
  2 ancient liches
  Mennas (Depths:4)
  A juggernaut (Depths:3)
  2 royal mummies (Tomb:1)
  Sojobo (Depths:1)
  2 Killer Klowns
  Vashnia (Snake:3)
  2 caustic shrikes (Depths:4)
  2 curse toes
  4 golden dragons
  the Enchantress (Depths:4)
  An electric golem (Zot:1)
  3 bone dragons (Abyss:3)
  6 Orb Guardians (Zot:5)
  2 tentacled monstrosities
  A shard shrike skeleton (Crypt:2)
  A titan (Vaults:5)
  5 liches
  A deep elf master archer (Elf:3)
  4 sphinxes
  3 death cobs
  A quicksilver dragon (Zot:3)
  A deep elf blademaster (Elf:3)
  5 ancient champions
  Gastronok (Lair:2)
  4 tentacled starspawn (Abyss:3)
  2 shadow dragons
  4 tengu reavers
  Kirke (D:15)
  2 storm dragons (Depths:4)
  2 revenants (Tomb:2)
  3 fire giants
  A draconian monk (Zot:4)
  2 draconian knights
  3 frost giants
  3 deep elf sorcerers
  A balrug (Abyss:2)
  An imperial myrmidon (Desolation)
  3 vault wardens
  2 deep elf elementalists (Elf:3)
  2 orc warlords
  2 draconian shifters
  2 curse skulls
  3 ghost moths
  3 ghouls (Crypt:2)
  5 stone giants
  2 spriggan defenders (Depths:4)
  2 ironbound preservers (Vaults:2)
  5 very ugly things
  3 deep elf demonologists
  A war gargoyle (Vaults:4)
  An ironbound thunderhulk (Vaults:2)
  6 vampire knights
  5 bunyips
  3 dire elephants
  3 green draconians
  2 lorocyprocas (Abyss:3)
  2 starflowers (Abyss:3)
  2 eleionomae
  4 red draconians
  A minotaur (Gauntlet)
  3 black draconians
  3 entropy weavers
  2 deep elf annihilators (Elf:3)
  A purple draconian (Zot:3)
  A spark wasp (Depths:3)
  Snorg (D:14)
  A white draconian (Zot:4)
  4 ettins
  2 eidola (Crypt:1)
  A fire dragon (Swamp:4)
  2 ragged hierophants (Desolation)
  9 mummy priests
  5 deep elf death magi
  A deep elf high priest (Elf:3)
  3 jiangshi
  Josephine (D:12)
  2 spriggan air magi (Depths:4)
  2 great orbs of eyes (Vaults:4)
  4 yaktaur captains
  2 rakshasas
  Erolcha (Orc:2)
  8 ice dragons
  Fannar (D:12)
  A servant of whispers (Desolation)
  3 spriggan skeletons (Crypt:3)
  2 ironbound frosthearts
  4 vault guards (Vaults:5)
  A ghost crab (Swamp:2)
  8 hydras
  A peacekeeper (Desolation)
  A catoblepas (Lair:4)
  6 boulder beetles
  5 centaur warriors
  3 anacondas
  2 death knights (Crypt:1)
  The ghost of AverageBear the Cleaver, a journeyman FoFi of the Shining One (D:9)
  2 alligators (Swamp:1)
  A death yak (Lair:4)
  3 naga warriors
  16 dancing weapons
  7 tengu warriors
  6 two-headed ogres
  3 hell hogs (Abyss:3)
  A deep troll shaman (Depths:2)
  2 spriggan berserkers (Depths:4)
  A deep troll earth mage (Depths:1)
  24 death scarabs
  6 shock serpents
  Urug (D:12)
  4 naga sharpshooters
  6 deep elf knights
  A sun demon (Depths:4)
  A soul eater (Depths:1)
  4 hell knights
  An iron troll (Depths:3)
  22 skeletal warriors
  2 salamander mystics
  2 spriggan druids
  A swamp dragon (Swamp:3)
  17 deep trolls
  A spark wasp zombie (Depths:3)
  An obsidian statue (Zot:5)
  9 ironbound convokers
  A spriggan rider (Depths:4)
  4 wizards
  2 naga ritualists
  2 spriggan simulacra
  A golden dragon zombie (Crypt:3)
  A bunyip zombie (Crypt:1)
  2 goliath frogs (Lair:5)
  A flayed ghost (Crypt:3)
  Pikel (D:6)
  A spectral hydra (Gauntlet)
  4 lindwurms
  6 phantasmal warriors
  A deep elf archer (Elf:1)
  2 bog bodies
  An iron giant skeleton (Crypt:3)
  2 anaconda skeletons (Crypt:3)
  A golden dragon skeleton (Crypt:3)
  5 deep elf zephyrmancers
  5 orc knights
  17 deep elf pyromancers
  A sphinx zombie (Depths:3)
  5 necromancers
  A wolf spider (D:15)
  2 mana vipers
  An orc sorcerer (D:15)
  3 manticores
  A sphinx skeleton (Depths:3)
  6 ugly things
  5 cyclopes
  A salamander (shapeshifter) (Elf:3)
  6 moths of wrath
  2 will-o-the-wisps (Swamp:4)
  6 salamanders
  2 starcursed masses (Abyss:3)
  9 elephants
  2 iron dragon skeletons (Crypt:3)
  2 vault sentinels
  An eye of devastation (Abyss:3)
  A worldbinder (Abyss:3)
  A fire giant skeleton (Depths:3)
  A guardian serpent (shapeshifter) (D:14)
  A centaur skeleton (Crypt:1)
  4 guardian serpents
  6 naga magi
  22 black mambas
  Maggie (D:9)
  A torpor snail (Lair:2)
  An orange demon (Abyss:1)
  17 cane toads
  3 gargoyles
  5 unseen horrors
  A minotaur zombie (Gauntlet)
  A kobold demonologist (D:11)
  A dire elephant skeleton (Crypt:3)
  6 freezing wraiths
  A tormentor (Depths:2)
  3 efreet
  5 komodo dragons
  8 yaktaurs
  3 rime drakes
  An ice devil (IceCv)
  4 ancient zymes
  7 trolls
  6 guardian mummies
  4 tengu conjurers
  3 polar bears
  4 harpy skeletons
  2 bloated husks (Swamp:2)
  4 hornets
  9 slime creatures
  4 tyrant leeches
  39 blink frogs
  A hydra skeleton (Crypt:3)
  4 saltlings (Desolation)
  A tarantella zombie (Crypt:3)
  2 raiju (Abyss:3)
  4 dream sheep (Lair:4)
  2 air elementals (Elf:1)
  2 centaur simulacra (Gauntlet)
  A jumping spider (shapeshifter) (D:15)
  Sigmund (D:3)
  4 spriggans
  A fire dragon skeleton (Crypt:3)
  2 flying skulls
  A culicivora (Vaults:3)
  23 yaks
  2 ettin skeletons
  5 large abominations (Abyss:3)
  A black mamba zombie (Crypt:3)
  6 wraiths
  4 water elementals
  5 vampires
  2 ynoxinuls
  A shadow (D:11)
  3 fire elementals
  3 hogs (D:15)
  8 basilisks
  4 fire bats
  2 steam dragons
  13 vampire mosquitoes
  4 redbacks
  2 neqoxecs (Abyss:3)
  A minotaur simulacrum (IceCv)
  Menkaure (Ossuary)
  13 nagas
  12 swamp worms
  Edmund (D:6)
  2 acid dragons
  A demonspawn skeleton (Crypt:3)
  14 water moccasins
  Duvessa (D:6)
  A fire bat skeleton (Crypt:3)
  4 hell hounds
  A hydra simulacrum (IceCv)
  A swamp drake (D:10)
  A naga skeleton (Crypt:3)
  12 orc warriors
  A black bear (Lair:2)
  11 centaurs
  11 wolves
  7 boggarts
  4 ogres
  A lemure (D:6)
  A snapping turtle skeleton (Abyss:3)
  A phantom (D:6)
  A hog skeleton (Crypt:3)
  A kobold brigand (D:8)
  Blork the orc (D:6)
  A komodo dragon skeleton (Crypt:3)
  14 bullfrogs
  A gnoll sergeant (D:7)
  A scorpion (D:2)
  4 deep troll simulacra (IceCv)
  An earth elemental (Elf:2)
  3 necrophages
  A cane toad simulacrum (Gauntlet)
  5 wights
  Dowan (D:6)
  A troll zombie (Ossuary)
  A lindwurm simulacrum (IceCv)
  12 killer bees
  3 electric eels
  A howler monkey (D:8)
  3 centaur zombies (Ossuary)
  A quasit (Abyss:3)
  3 gnoll boudas
  5 hounds
  11 orc priests
  4 jellies
  Terence (D:2)
  4 iguanas
  9 orc wizards
  A boggart skeleton (Crypt:1)
  A sky beast zombie (Crypt:3)
  An acid dragon zombie (Crypt:2)
  An ogre zombie (Ossuary)
  23 mummies
  18 gnolls
  7 adders
  2 shadow imps
  2 white imps
  2 ufetubi
  4 adder zombies
  2 worms (D:2)
  2 dart slugs
  51 orcs
  7 endoplasms
  5 giant cockroaches
  A gnoll zombie (Ossuary)
  5 goblins
  12 hobgoblins
  4 jackals (D:1)
  10 kobolds
  A quokka (D:4)
  6 ball pythons
  3 bats
  A dart slug zombie (Crypt:3)
  6 frilled lizards
  3 goblin zombies
  5 hobgoblin zombies
  A jackal zombie (Crypt:1)
  3 kobold zombies (Ossuary)
  An orc zombie (Ossuary)
  4 quokka zombies (Ossuary)
  5 rats
  7 rat zombies (Ossuary)
  2 pillars of salt (Vaults:4)
  2 starspawn tentacles (Abyss:3)
1208 creatures vanquished.

Vanquished Creatures (collateral kills)
  3 dread liches
  An orb of fire (Zot:2)
  An ancient lich (Vaults:5)
  Mara (Vaults:3)
  2 juggernauts
  The ghost of Baibufen the Warrior, a veteran CeHu of the Shining One (Crypt:3)
  3 royal mummies (Tomb:2)
  Vv (Crypt:3)
  A Killer Klown (Zot:2)
  6 caustic shrikes
  7 golden dragons
  2 bone dragons (Crypt:3)
  A hellephant (Abyss:3)
  The ghost of Jingleheimer the Warrior, an adept MiFi of Hepliaklqana (Vaults:1)
  8 tentacled monstrosities
  4 Orb Guardians (Zot:5)
  Rupert (Lair:4)
  A deep elf blademaster (Elf:3)
  3 acid blobs (Slime:1)
  5 titans
  6 liches
  A deep elf master archer (Elf:3)
  5 death cobs
  A walking divine tome (Depths:2)
  A thorn hunter (Swamp:3)
  9 sphinxes
  7 tentacled starspawn (Abyss:3)
  3 ancient champions
  10 shadow dragons
  4 tengu reavers
  8 revenants
  8 storm dragons
  A draconian monk (Zot:4)
  10 nagarajas
  A rockslime (Slime:1)
  A fenstrider witch (Swamp:4)
  Roxanne (Snake:2)
  An azure jelly (Lair:4)
  The ghost of hbarley the Severer, a journeyman HOFi of Uskayaw (Snake:3)
  8 fire giants
  3 frost giants
  10 vault wardens
  An imperial myrmidon (Desolation)
  Louise (D:15)
  4 deep elf sorcerers
  5 orc warlords
  2 iron dragons
  A draconian scorcher (Zot:4)
  A cacodemon (Abyss:3)
  A ghost moth (Abyss:3)
  Aizul (Snake:1)
  2 deep elf elementalists (Elf:3)
  2 ghouls (Crypt:1)
  A draconian stormcaller (Zot:4)
  11 ironbound preservers
  9 very ugly things
  The ghost of Kuerar the Basher, a journeyman BaFi of Cheibriados (Lair:4)
  A quicksilver ooze (Slime:1)
  A curse skull (Crypt:2)
  2 spriggan defenders
  2 starflowers (Abyss:3)
  13 stone giants
  5 draconian annihilators
  4 ironbound thunderhulks
  3 war gargoyles
  5 vampire knights
  3 green draconians
  7 starcursed masses (Abyss:3)
  2 yellow draconians (Zot:4)
  4 black draconians
  3 deep elf demonologists
  4 eleionomae
  2 bennus (Tomb:1)
  2 entropy weavers
  A bunyip (Swamp:2)
  6 deep elf annihilators
  4 white draconians
  5 dire elephants
  2 blizzard demons (Abyss:3)
  A red draconian (Zot:1)
  The ghost of FexLirch the Tainter, a journeyman FoVM of Gozag (Lair:2)
  5 purple draconians
  2 crystal guardians
  An eidolon (Crypt:1)
  A shambling mangrove (Swamp:4)
  8 ragged hierophants (Desolation)
  4 mummy priests (Tomb:1)
  4 deep elf high priests (Vaults:5)
  2 great orbs of eyes
  3 jiangshi (Crypt:2)
  11 yaktaur captains
  7 deep elf death magi
  6 ettins
  3 fire dragons
  21 vault guards (Vaults:5)
  A salamander tyrant (Snake:4)
  A boulder beetle (Vaults:1)
  4 rakshasas
  A ghost crab (Swamp:4)
  9 hydras
  4 ice dragons (Depths:4)
  4 servants of whispers (Desolation)
  An ogre mage (D:15)
  A spriggan air mage (Depths:2)
  2 hell beasts (Depths:4)
  13 naga warriors
  8 ironbound frosthearts
  9 anacondas
  10 peacekeepers
  2 tengu warriors
  A satyr (Abyss:3)
  11 centaur warriors
  11 dancing weapons
  3 alligators
  3 deep troll earth magi
  26 death scarabs
  4 hell hogs
  2 two-headed ogres (D:15)
  5 shock serpents
  3 vampire magi
  3 orc high priests
  4 spriggan berserkers
  4 thrashing horrors
  8 deep elf knights
  2 iron trolls (Depths:2)
  2 soul eaters (Depths:4)
  10 naga sharpshooters
  A fire crab (Swamp:4)
  2 sixfirhies (Abyss:3)
  8 wretched stars (Abyss:3)
  5 hell knights
  2 shadow wraiths (Crypt:2)
  2 sun demons
  4 salamander mystics
  2 spriggan riders
  A spatial maelstrom (Abyss:3)
  5 goliath frogs
  37 skeletal warriors
  4 naga ritualists
  4 deep elf archers
  20 deep trolls
  A swamp dragon (shapeshifter) (Vaults:5)
  4 bog bodies
  3 flayed ghosts
  A spriggan simulacrum (Crypt:2)
  3 phantasmal warriors (Crypt:2)
  12 ironbound convokers
  10 swamp dragons
  3 necromancers
  A glowing orange brain (Depths:3)
  6 wizards
  11 deep elf zephyrmancers
  A harpy (Abyss:3)
  8 mana vipers
  9 lindwurms
  5 orc sorcerers
  12 orc knights
  A frost giant zombie (Depths:3)
  A stone giant zombie (Crypt:1)
  An iron dragon zombie (Depths:1)
  13 deep elf pyromancers
  A shadow dragon skeleton (Depths:3)
  A fire giant zombie (Depths:1)
  3 will-o-the-wisps
  A cyclops (shapeshifter) (Vaults:5)
  18 ugly things
  7 moths of wrath
  A dire elephant zombie (Tomb:2)
  An iron dragon skeleton (Depths:3)
  9 salamanders
  A worldbinder (Abyss:3)
  15 black mambas
  A centaur zombie (Tomb:2)
  7 guardian serpents
  4 elephants
  An apocalypse crab (Abyss:3)
  A frost giant skeleton (Depths:1)
  8 naga magi
  An ice statue (Snake:4)
  2 rust devils
  10 vault sentinels
  A centaur skeleton (Tomb:2)
  12 smoke demons
  2 cane toads (Lair:3)
  A demonic crawler (Abyss:3)
  2 komodo dragons (Lair:4)
  A rime drake (Lair:4)
  An unseen horror (Abyss:3)
  3 orange demons
  An alligator snapping turtle skeleton (Crypt:3)
  A naga skeleton (Crypt:2)
  55 yaktaurs
  2 hellwings
  A freezing wraith (IceCv)
  A harpy zombie (Abyss:3)
  7 ancient zymes (Abyss:3)
  A red devil (Abyss:3)
  A meliai (shapeshifter) (Depths:2)
  An ice devil (Abyss:3)
  A spriggan skeleton (Depths:1)
  8 guardian mummies
  3 trolls
  6 large abominations (Abyss:3)
  A shadow dragon simulacrum (Crypt:2)
  6 tyrant leeches
  3 hornets
  2 harpy skeletons (Abyss:3)
  A hydra skeleton (Crypt:3)
  60 saltlings (Desolation)
  10 raiju (Abyss:3)
  27 slime creatures
  3 dream sheep (Lair:4)
  6 blink frogs
  A snapping turtle (shapeshifter) (Vaults:5)
  6 spriggans
  16 flying skulls
  A jumping spider (Vaults:3)
  4 water elementals
  2 air elementals
  A culicivora (Vaults:4)
  4 wraiths
  A fire bat (Swamp:4)
  A fire elemental (Elf:2)
  3 hogs (D:15)
  5 yaks
  3 golden eyes (Slime:1)
  3 neqoxecs (Abyss:3)
  4 ynoxinuls (Abyss:3)
  A redback (Vaults:3)
  An alligator snapping turtle simulacrum (Crypt:1)
  An ushabti (Tomb:1)
  A chaos spawn (Depths:2)
  4 steam dragons (Swamp:4)
  A black mamba skeleton (Tomb:1)
  3 vampire mosquitoes (Swamp:1)
  9 swamp worms
  30 nagas
  2 acid dragons
  A water moccasin (Lair:2)
  A glowing orange brain zombie (Crypt:2)
  A floating eye (Depths:3)
  A faun skeleton (Crypt:1)
  A two-headed ogre skeleton (Crypt:2)
  5 swamp drakes
  20 orc warriors
  An ice beast (Abyss:3)
  7 ogres
  A boggart (D:15)
  3 wolves
  A manticore skeleton (Crypt:2)
  10 centaurs
  2 bullfrogs (Lair:4)
  A two-headed ogre simulacrum (Crypt:1)
  An earth elemental (Elf:2)
  A glowing shapeshifter simulacrum (Depths:3)
  8 small abominations
  A wight (D:7)
  A killer bee (shapeshifter) (D:15)
  A raiju skeleton (Crypt:1)
  A quasit (Abyss:3)
  A crimson imp (Abyss:3)
  A wolf skeleton (Crypt:1)
  4 jellies
  17 orc priests
  16 orc wizards
  An ogre skeleton (Crypt:1)
  14 mummies
  3 gnolls (D:7)
  A white imp (Abyss:3)
  2 ufetubi (Abyss:3)
  36 orcs
  A gnoll zombie (Crypt:2)
  3 training dummies (Snake:3)
  A frilled lizard (D:1)
  A giant cockroach zombie (Crypt:2)
  A plant (Depths:3)
  5 starspawn tentacles (Abyss:3)
  A withered plant (Desolation)
1343 creatures vanquished.

Vanquished Creatures (others)
  A juggernaut (Abyss:3)
  2 shard shrikes
  2 caustic shrikes (Crypt:3)
  2 golden dragons
  2 iron giants (Crypt:3)
  A quicksilver dragon (Vaults:5)
  2 acid blobs
  A tentacled starspawn (Abyss:2)
  2 tengu reavers
  A fenstrider witch (Swamp:1)
  2 storm dragons (Zot:2)
  A draconian knight (Zot:2)
  An orc warlord (Tomb:2)
  An emperor scorpion (Tomb:2)
  2 vault wardens (Vaults:5)
  3 ironbound preservers
  4 spriggan defenders (Tomb:2)
  A broodmother (Tomb:2)
  A red draconian (Zot:2)
  A dire elephant (Crypt:3)
  A deep elf death mage (Elf:3)
  3 ettins
  2 mummy priests (Tomb:2)
  A yaktaur captain (D:15)
  A fire dragon (D:15)
  A great orb of eyes (Vaults:5)
  2 hydras
  An ogre mage (Vaults:5)
  4 boulder beetles
  A spriggan air mage (Swamp:1)
  A naga warrior (Snake:3)
  An anaconda (Crypt:3)
  4 ironbound frosthearts
  3 centaur warriors
  4 death scarabs (Tomb:2)
  An orc high priest (Orc:2)
  A spriggan berserker (Tomb:2)
  2 shock serpents (Snake:3)
  2 deep elf knights
  A fire crab (Lair:2)
  A salamander mystic (Snake:1)
  A skeletal warrior (Tomb:2)
  A hell knight (D:15)
  A death drake (Swamp:1)
  An orb spider (shapeshifter) (Tomb:2)
  A spriggan rider (Tomb:2)
  A wizard (Vaults:3)
  An orc knight (Crypt:3)
  A naga ritualist (Snake:3)
  A deep elf archer (Tomb:2)
  3 harpies
  3 deep elf pyromancers
  A necromancer (Tomb:2)
  A deep elf zephyrmancer (Elf:2)
  2 ironbound convokers
  2 salamanders (Snake:3)
  A cyclops (D:7)
  A centaur zombie (D:10)
  2 naga magi
  A vault sentinel (Crypt:3)
  6 black mambas
  3 torpor snails
  2 eyes of devastation
  A guardian serpent (Snake:3)
  A cane toad (Lair:2)
  2 rime drakes (IceCv)
  2 guardian mummies (Tomb:2)
  An ancient zyme (Abyss:3)
  A bloated husk (Swamp:2)
  A tyrant leech (Swamp:1)
  A hornet (Depths:4)
  A raiju (Abyss:3)
  6 slime creatures
  A yak (Lair:2)
  A tyrant leech zombie (Swamp:4)
  A steam dragon (Swamp:4)
  A naga (Snake:3)
  A water moccasin (Lair:2)
  2 acid dragons
  4 swamp drakes (Swamp:4)
  An orc warrior (D:7)
  An ice beast (IceCv)
  A wolf (Lair:2)
  2 elf zombies
  5 dream sheep zombies (Lair:4)
  An ogre (D:7)
  A rime drake zombie (Lair:4)
  A komodo dragon zombie (Lair:4)
  2 bullfrogs
  A cyclops zombie (D:7)
  6 yak zombies (D:9)
  A bullfrog zombie (D:10)
  An orc priest (Orc:2)
  2 acid dragon zombies (D:10)
  2 mummies (Tomb:2)
  An adder (D:7)
  A swamp drake zombie (Swamp:4)
  A worm (D:15)
  An orc (D:15)
  A ball python (D:7)
  2 giant cockroaches
  A gnoll zombie (D:8)
  A hobgoblin (D:10)
  A ball python zombie (D:7)
  A hobgoblin zombie (D:10)
  A butterfly (Crypt:3)
  15 demonic plants
  29 foxfires
  42 fungi
  3 lurking horrors
  98 plants
  25 starspawn tentacles
388 creatures vanquished.

Grand Total: 2939 creatures vanquished

Notes
Turn   | Place    | Note
-------+----------+-------------------------------------------
     0 | D:1      | devnull the Demonspawn Necromancer began the quest for the
                  | Orb.
     0 | D:1      | Reached XP level 1. HP: 13/13 MP: 3/3
   193 | D:1      | Gained mutation: You are partially covered in sharp spines.
                  | [demonic ancestry]
   193 | D:1      | Reached XP level 2. HP: 3/19 MP: 1/5
   604 | D:1      | Reached skill level 5 in Necromancy
  1417 | D:2      | Reached XP level 3. HP: 24/24 MP: 1/6
  1673 | D:2      | Identified the ring "Hesihowke" {*Slow rElec rF+ Will+++
                  | MP+9}
  1815 | D:2      | Noticed Terence
  1818 | D:2      | Killed Terence
  1819 | D:2      | Reached skill level 6 in Necromancy
  1819 | D:2      | Reached XP level 4. HP: 27/30 MP: 5/7
  1876 | D:2      | Noticed a scorpion
  1891 | D:2      | Killed a scorpion
  1892 | D:2      | Gained mutation: You have large cloven feet. [demonic
                  | ancestry]
  1892 | D:2      | Reached XP level 5. HP: 28/35 MP: 1/8
  1962 | D:2      | Found a faded altar of an unknown god.
  2408 | D:3      | Found an opulent altar of Gozag.
  2590 | D:3      | Found a hide-covered altar of Uskayaw.
  2822 | D:3      | Noticed Sigmund
  3194 | D:4      | Gained mutation: You are partially covered in slimy green
                  | scales. (AC +2) [demonic ancestry]
  3194 | D:4      | Reached XP level 6. HP: 37/41 MP: 9/9
  3218 | D:4      | Reached skill level 5 in Stealth
  4082 | D:4      | Learned a level 3 spell: Vampiric Draining
  4088 | D:4      | Learned a level 5 spell: Agony
  4398 | D:5      | Entered Level 5 of the Dungeon
  4426 | D:5      | Gained mutation: You are mostly covered in slimy green
                  | scales. (AC +3) [demonic ancestry]
  4426 | D:5      | Reached XP level 7. HP: 46/46 MP: 8/12
  4820 | D:5      | Reached skill level 5 in Spellcasting
  4821 | D:5      | Reached skill level 1 in Evocations
  4939 | D:5      | Found a staircase to the Ecumenical Temple.
  4975 | Temple   | Entered the Ecumenical Temple
  5130 | Temple   | Became a worshipper of Kikubaaqudgha
  5436 | D:5      | Reached XP level 8. HP: 38/52 MP: 15/15
  5770 | D:5      | Found a stormy altar of Qazlal.
  6012 | D:6      | Reached skill level 5 in Evocations
  6160 | D:6      | Noticed Duvessa
  6217 | D:6      | Identified a scroll of acquirement
  6218 | D:6      | Acquired the ring "Lidon" {rElec rPois Str+6}
  6296 | D:6      | Found a sparkling altar of Nemelex Xobeh.
  6489 | D:6      | Noticed Pikel
  6491 | D:6      | Noticed Dowan
  6649 | D:6      | Found a blossoming altar of Fedhas.
  6708 | D:6      | Noticed Blork the orc
  6713 | D:6      | Killed Blork the orc
  6714 | D:6      | Reached skill level 7 in Necromancy
  6839 | D:6      | Found Qupo's Book Shoppe.
  6948 | D:6      | Killed Pikel
  6949 | D:6      | Reached skill level 9 in Necromancy
  7367 | D:3      | Killed Sigmund
  7368 | D:3      | Reached XP level 9. HP: 47/57 MP: 12/16
  7651 | D:3      | Found a hide-covered altar of Uskayaw.
  7799 | D:6      | Noticed Edmund
  7819 | D:6      | Killed Edmund
  7820 | D:6      | Reached skill level 10 in Necromancy
  7842 | D:6      | Killed Duvessa
  7905 | D:6      | HP: 2/57 [gnoll/+0 flail[a gnoll sergeant] (8)]
  7907 | D:6      | Gained mutation: You are covered in fur. (AC +1) [potion of
                  | mutation]
  7907 | D:6      | Gained mutation: Your magical capacity is low. (-10% MP)
                  | [potion of mutation]
  7907 | D:6      | Lost mutation: Your magical capacity is low. (-10% MP)
                  | [potion of mutation]
  8366 | D:7      | Found the amulet of the Four Winds {rN+ Will+++ Clar}
  8381 | D:7      | Found a sand-covered staircase.
  8386 | Ossuary  | Entered an ossuary
  8552 | Ossuary  | Noticed Menkaure
  8574 | Ossuary  | Reached * piety under Kikubaaqudgha
  8574 | Ossuary  | Received a gift from Kikubaaqudgha
  8578 | Ossuary  | Learned a level 2 spell: Sublimation of Blood
  8961 | Ossuary  | Killed Menkaure
  8962 | Ossuary  | Reached skill level 11 in Necromancy
  9040 | Ossuary  | Reached ** piety under Kikubaaqudgha
  9139 | Ossuary  | Identified the ring "Dixtar" {Ice rElec rCorr}
  9268 | D:7      | Learned a level 4 spell: Animate Dead
  9958 | D:7      | Reached skill level 12 in Necromancy
 10684 | D:8      | Found a staircase to the Lair.
 10773 | D:8      | Reached skill level 1 in Polearms
 11927 | D:9      | Reached XP level 10. HP: 56/63 MP: 17/17
 11974 | D:9      | Found Buips's Elemental Accessories.
 12133 | D:9      | Reached skill level 13 in Necromancy
 12362 | D:9      | Noticed a two-headed ogre
 12370 | D:9      | Killed a two-headed ogre
 12485 | D:9      | Noticed a brown ugly thing
 12500 | D:9      | Killed a brown ugly thing
 12547 | D:9      | Reached skill level 5 in Polearms
 12552 | D:9      | Reached *** piety under Kikubaaqudgha
 12552 | D:9      | Received a gift from Kikubaaqudgha
 12594 | D:9      | Noticed Maggie
 12629 | D:9      | Killed Maggie
 13086 | D:9      | Found a runed translucent door.
 13087 | D:9      | Noticed AverageBear's ghost (journeyman FoFi)
 13226 | D:10     | Entered Level 10 of the Dungeon
 13573 | D:10     | Found a burning altar of Makhleb.
 13573 | D:10     | Noticed an Executioner
 13607 | D:10     | Learned a level 5 spell: Borgnjor's Vile Clutch
 13738 | D:10     | Found a portal to a secret trove of treasure.
 13765 | D:10     | Found Hahexoqul's Weapon Boutique.
 13777 | D:10     | Identified the ring "Yshaec" {Wiz rC+}
 13843 | D:10     | Reached XP level 11. HP: 50/68 MP: 17/21
 14178 | D:10     | Found a staircase to the Orcish Mines.
 14219 | D:10     | Reached skill level 14 in Necromancy
 14396 | D:10     | Found Hoih's Armour Emporium.
 14453 | D:10     | Found Dalaz's Armour Shop.
 14686 | D:10     | Found Iteruki's Armour Emporium.
 14807 | D:10     | Bought a +1 buckler of reflection for 162 gold pieces
 14807 | D:10     | Found Duud's General Store.
 14828 | D:10     | Bought a scroll of identify for 22 gold pieces
 14828 | D:10     | Bought a scroll of identify for 22 gold pieces
 14852 | D:10     | Learned a level 6 spell: Death Channel
 14894 | Lair:1   | Entered Level 1 of the Lair of Beasts
 15056 | Lair:1   | Reached skill level 15 in Necromancy
 15688 | Lair:1   | Reached **** piety under Kikubaaqudgha
 15847 | Lair:1   | Reached skill level 16 in Necromancy
 15907 | Lair:1   | Found the +8 whip "Snakebite" {venom, curare, rPois}
 16042 | Lair:1   | Found a burning altar of Makhleb.
 16095 | Lair:1   | Reached skill level 1 in Maces & Flails
 16612 | Lair:2   | Noticed Gastronok
 16692 | Lair:2   | Noticed a six-headed hydra
 16706 | Lair:2   | Killed a six-headed hydra
 16804 | Lair:2   | Gained mutation: You are completely covered in slimy green
                  | scales. (AC +4, rPois) [demonic ancestry]
 16804 | Lair:2   | Reached XP level 12. HP: 74/74 MP: 4/24
 17018 | Lair:2   | Reached skill level 5 in Maces & Flails
 17102 | Lair:2   | Found a runed translucent gate.
 17117 | Lair:2   | Found a runed translucent gate.
 17118 | Lair:2   | Found a runed translucent gate.
 17154 | Lair:2   | Noticed FexLirch's ghost (journeyman FoVM)
 17157 | Lair:2   | Found a viscous altar of Jiyva.
 17894 | Lair:2   | Reached skill level 5 in Dodging
 18620 | Lair:2   | Killed Gastronok
 18846 | Lair:3   | Noticed an eight-headed hydra
 18857 | Lair:3   | Killed an eight-headed hydra
 18877 | Lair:3   | Found a dark tunnel.
 18882 | Volcano  | Entered a volcano
 18927 | Volcano  | Noticed a two-headed ogre
 18935 | Volcano  | Reached skill level 17 in Necromancy
 18939 | Volcano  | Killed a two-headed ogre
 19021 | Volcano  | Noticed a two-headed ogre
 19028 | Volcano  | Killed a two-headed ogre
 19710 | Lair:3   | Reached XP level 13. HP: 78/79 MP: 19/25
 19960 | Lair:3   | Found a staircase to the Snake Pit.
 20062 | Lair:3   | Reached skill level 18 in Necromancy
 20458 | Lair:3   | Found a staircase to the Swamp.
 20667 | Lair:4   | Reached skill level 19 in Necromancy
 20690 | Lair:4   | Reached skill level 1 in Armour
 20744 | Lair:4   | Reached ***** piety under Kikubaaqudgha
 21005 | Lair:4   | Noticed an azure jelly
 21448 | Lair:4   | Reached skill level 5 in Armour
 21489 | Lair:4   | Found a staircase to the Slime Pits.
 21548 | Lair:4   | Found a transporter.
 21566 | Lair:4   | Found a transporter.
 21598 | Lair:4   | Noticed Rupert
 21624 | Lair:4   | Killed Rupert
 21781 | Lair:4   | Noticed Kuerar's ghost (journeyman BaFi)
 22110 | Lair:4   | Killed an azure jelly
 22299 | Lair:5   | Entered Level 5 of the Lair of Beasts
 22354 | Lair:5   | Reached skill level 1 in Fighting
 22458 | Lair:5   | Gained mutation: You are mostly covered in sharp spines.
                  | [demonic ancestry]
 22458 | Lair:5   | Reached XP level 14. HP: 68/93 MP: 14/26
 22702 | Lair:5   | Reached skill level 5 in Fighting
 24148 | D:11     | Reached skill level 1 in Shields
 24483 | D:11     | Found Ustubbeu's Jewellery Emporium.
 24788 | D:11     | Reached skill level 5 in Shields
 25080 | D:11     | Reached skill level 20 in Necromancy
 25377 | D:12     | Noticed Fannar
 25390 | D:12     | Killed Fannar
 25418 | D:12     | Noticed Josephine
 25434 | D:12     | Killed Josephine
 25518 | D:12     | Noticed Urug
 25710 | D:12     | Killed Urug
 26006 | D:12     | You fall into a shaft and drop 2 floors!
 26179 | D:14     | Reached ****** piety under Kikubaaqudgha
 26236 | D:13     | Reached skill level 21 in Necromancy
 26236 | D:13     | Gained mutation: You have hoof-like feet. [demonic
                  | ancestry]
 26236 | D:13     | Reached XP level 15. HP: 61/103 MP: 15/27
 26451 | D:13     | Found Peuzise's Assorted Antiques.
 26456 | D:13     | Bought a scroll of identify for 66 gold pieces
 26456 | D:13     | Bought a scroll of identify for 66 gold pieces
 26513 | D:13     | Found a gate leading to a gauntlet.
 26524 | Gauntlet | Entered a Gauntlet
 26524 | Gauntlet | Found a transporter.
 26525 | Gauntlet | Received a gift from Kikubaaqudgha
 26541 | Gauntlet | Found a transporter.
 26550 | Gauntlet | Found a transporter.
 26556 | Gauntlet | Found a transporter.
 26581 | Gauntlet | Found a transporter.
 26595 | Gauntlet | Found a transporter.
 26607 | Gauntlet | Found a transporter.
 26615 | Gauntlet | Found a transporter.
 26615 | Gauntlet | Found a transporter.
 26632 | Gauntlet | Found a transporter.
 26644 | Gauntlet | Found a transporter.
 26656 | Gauntlet | Found a transporter.
 26673 | Gauntlet | Found a transporter.
 26691 | Gauntlet | Found a transporter.
 26693 | Gauntlet | Found a transporter.
 26718 | Gauntlet | Found a transporter.
 26720 | Gauntlet | Found a transporter.
 26852 | Gauntlet | Found a transporter.
 27096 | Gauntlet | Identified the +6 scale mail of Elyvilon's Pride {Rampage
                  | rC- Str+3}
 27164 | Gauntlet | Identified the ring of the Death Scarab {rF+ Int+6}
 28805 | D:14     | Noticed Snorg
 28817 | D:14     | Killed Snorg
 29147 | D:14     | Found a gate to the Vaults.
 29224 | D:15     | Entered Level 15 of the Dungeon
 29244 | D:15     | Reached skill level 10 in Spellcasting
 29446 | D:15     | Found a staircase to the Depths.
 29721 | D:15     | Noticed Kirke
 29738 | D:15     | Killed Kirke
 29750 | D:15     | Found a shimmering blue altar of Sif Muna.
 29968 | D:15     | Noticed Louise
 29981 | D:15     | Learned a level 8 spell: Infestation
 29990 | D:15     | Killed Louise
 30200 | Orc:1    | Entered Level 1 of the Orcish Mines
 30687 | Orc:2    | Entered Level 2 of the Orcish Mines
 30687 | Orc:2    | Noticed Erolcha
 30695 | Orc:2    | Killed Erolcha
 30850 | Orc:2    | Found a staircase to the Elven Halls.
 30977 | Orc:2    | Noticed an orc warlord
 30983 | Orc:2    | Killed an orc warlord
 30987 | Orc:2    | Gained mutation: You are robust. (+10% HP) [demonic
                  | ancestry]
 30987 | Orc:2    | Reached XP level 16. HP: 43/121 MP: 31/31
 31181 | Orc:2    | Found Dail's Antique Armour Boutique.
 31185 | Orc:2    | Found Ribreed's Antique Weapon Shop.
 31187 | Orc:2    | Found Qarug's General Store.
 31187 | Orc:2    | Found Rov Ber's Book Boutique.
 31446 | Orc:2    | Bought 2 scrolls of acquirement for 1456 gold pieces
 31446 | Orc:2    | Acquired a staff of death
 31447 | Orc:2    | Acquired the +1 helmet of Circular Logic {Fly rElec rF++
                  | Dex-2}
 31517 | Orc:2    | Bought a scroll of blinking for 105 gold pieces
 31517 | Orc:2    | Bought a potion of magic for 112 gold pieces
 31715 | D:6      | Found a sparkling altar of Nemelex Xobeh.
 32106 | D:6      | Killed Dowan
 32126 | D:6      | Found Qupo's Book Shoppe.
 32231 | D:6      | Found a blossoming altar of Fedhas.
 32407 | D:9      | Killed AverageBear's ghost
 32556 | Lair:2   | Killed FexLirch's ghost
 32772 | Lair:4   | Killed Kuerar's ghost
 32870 | Snake:1  | Entered Level 1 of the Snake Pit
 33041 | Snake:1  | Noticed Aizul
 33047 | Snake:1  | Killed Aizul
 33355 | Snake:1  | Identified the +1 war axe "Rups" {holy, Dex+2}
 33467 | Snake:1  | Found Seaneox's Book Shoppe.
 33945 | Snake:2  | Found Xiytufef's Assorted Antiques.
 33952 | Snake:2  | Found Feckuehau's Antique Armour Shoppe.
 34015 | Snake:2  | Noticed Roxanne
 34203 | Snake:2  | Killed Roxanne
 34573 | Snake:2  | HP: 6/121 [poisoned by a naga sharpshooter (splash of
                  | poison)]
 34729 | Snake:3  | Reached skill level 10 in Evocations
 34893 | Snake:3  | Noticed Vashnia
 35044 | Snake:3  | HP: 1/121 [Vashnia/bolt (8)]
 35311 | Snake:3  | Killed Vashnia
 35516 | Snake:3  | Found a runed translucent door.
 35516 | Snake:3  | Noticed hbarley's ghost (journeyman HOFi)
 35768 | Snake:3  | Gained mutation: You are completely covered in sharp
                  | spines. [demonic ancestry]
 35768 | Snake:3  | Reached XP level 17. HP: 112/126 MP: 15/32
 36251 | Snake:3  | Found Jauposak's Firing Range.
 36436 | Snake:4  | Entered Level 4 of the Snake Pit
 36608 | Snake:4  | Found a frozen archway.
 36639 | IceCv    | Entered an ice cave
 37082 | IceCv    | Identified the ring "Badghosk" {Ice rCorr Str+2}
 37331 | Snake:4  | Reached skill level 10 in Shields
 37388 | Snake:4  | Got a serpentine rune of Zot
 38088 | D:6      | Bought a book of Touch for 364 gold pieces
 38096 | D:6      | Learned a level 4 spell: Dispel Undead
 38279 | Swamp:1  | Entered Level 1 of the Swamp
 39030 | Swamp:2  | Identified the +9 broad axe of Hepliaklqana, Flying
                  | {vorpal, MP+9}
 39188 | Swamp:2  | Gained mutation: You have hooves in place of feet. [demonic
                  | ancestry]
 39188 | Swamp:2  | Reached XP level 18. HP: 133/133 MP: 10/33
 39950 | Swamp:3  | Identified the +2 long sword of Tension {elec, rElec Str+3
                  | Dex-2}
 40197 | Swamp:4  | Entered Level 4 of the Swamp
 40329 | Swamp:4  | Reached skill level 22 in Necromancy
 40403 | Swamp:4  | Got a decaying rune of Zot
 41195 | Elf:1    | Entered Level 1 of the Elven Halls
 41296 | Elf:1    | Paralysed by an air elemental for 1 turns
 41444 | Elf:1    | Paralysed by an air elemental for 1 turns
 41611 | Elf:1    | Got Fusaid's Octavo of Dynamic Forms
 42198 | Elf:1    | Got the Grimoire of Summoned Bolts
 42331 | Elf:2    | Identified the +7 quarterstaff of Oenomania {flame, Fragile
                  | rF+ rN+ Int+5}
 42369 | Elf:2    | Found Gustri's Book Shoppe.
 42488 | Elf:2    | Found a huge runed translucent gate.
 42488 | Elf:2    | Found a huge runed translucent gate.
 42489 | Elf:2    | Found a huge runed translucent gate.
 42489 | Elf:2    | Found a huge runed translucent gate.
 42491 | Elf:2    | Found a huge runed translucent gate.
 42528 | Elf:2    | Learned a level 7 spell: Haunt
 42584 | Elf:2    | Reached skill level 1 in Summonings
 42850 | Elf:2    | Reached XP level 19. HP: 114/139 MP: 20/35
 42960 | Elf:2    | Reached skill level 5 in Summonings
 43502 | Elf:3    | Entered Level 3 of the Elven Halls
 44343 | Elf:3    | Reached skill level 1 in Earth Magic
 44400 | Elf:3    | Reached skill level 5 in Earth Magic
 44596 | Elf:3    | Found the ring of Shadows {Umbra +Inv Stlth+}
 44684 | Elf:3    | Identified the +3 morningstar of Skirmishing {protect,
                  | Will+ Stlth+}
 44739 | Elf:3    | Found the +6 arbalest "Damnation" {damnation}
 44752 | Elf:3    | Identified the +1 ring mail of Kehimm {rPois Will+ Int+4}
 44908 | Elf:3    | Identified the +1 leather armour "Giesesa" {*Slow rPois rF+
                  | Int+6}
 46112 | Orc:2    | Bought a masterwork ring mail for 351 gold pieces
 46112 | Orc:2    | Identified the +3 ring mail "Ging" {rF- rC+ Regen+ Slay+4
                  | Stlth+} (You bought it in a shop on level 2 of the Orcish
                  | Mines)
 46441 | Snake:2  | Bought a bloodstained helmet for 380 gold pieces
 46441 | Snake:2  | Identified the +4 helmet of the Blessed Realm {Harm rC-
                  | Int+4 Dex+3 Slay-4} (You bought it in a shop on level 2 of
                  | the Snake Pit)
 46538 | Snake:3  | Killed hbarley's ghost
 46546 | Snake:3  | Got the Lessons on the Spider and the Traveller
 46669 | Slime:1  | Entered Level 1 of the Pits of Slime
 47015 | Vaults:1 | Entered Level 1 of the Vaults
 47143 | Vaults:1 | Found Golag's Weapon Shoppe.
 47201 | Vaults:1 | Reached skill level 10 in Stealth
 48067 | Vaults:1 | Found a runed translucent door.
 48069 | Vaults:1 | Noticed Jingleheimer's ghost (adept MiFi)
 48193 | Vaults:1 | Killed Jingleheimer's ghost
 48194 | Vaults:1 | Reached XP level 20. HP: 146/146 MP: 33/36
 48200 | Vaults:1 | Identified the +5 spear of Isufy {vorpal, SInv}
 48202 | Vaults:1 | Identified the +6 falchion of the Equinox {vorpal, rPois
                  | rN++ Will+ Dex-4}
 48387 | Vaults:2 | Found a staircase to the Crypt.
 48387 | Vaults:2 | Found an ancient bone altar of Kikubaaqudgha.
 48388 | Vaults:2 | Found a basalt altar of Yredelemnul.
 49658 | Vaults:3 | Found the +10 tower shield of Ignorance {rN+ Int-4}
 49994 | Vaults:3 | Reached skill level 15 in Shields
 50161 | Vaults:3 | Found Waneurua's Book Boutique.
 50626 | Vaults:3 | Noticed Mara
 50631 | Vaults:3 | Noticed devnull's illusion
 50634 | Vaults:3 | Killed Mara
 51027 | Vaults:4 | Found a crumbling gateway.
 51047 | Desolati | Entered the Desolation of Salt
 51103 | Desolati | Reached skill level 23 in Necromancy
 51130 | Desolati | Identified the amulet of Jogriew {Reflect Harm Rampage rC+
                  | rCorr SH+5}
 51196 | Desolati | Gained mutation: Spells you cast may paralyse adjacent
                  | enemies. [demonic ancestry]
 51196 | Desolati | Reached XP level 21. HP: 116/152 MP: 30/37
 51230 | Desolati | Identified the ring of Caycaex {rElec rF+ Dex+4}
 51234 | Desolati | Identified the +1 cloak of Elyug {-Tele Will++}
 51281 | Desolati | Identified the +5 dagger of Extremism {spect, Str+7}
 51299 | Desolati | Identified the ring of Kys Olem {EV+4 Slay+2}
 51430 | Desolati | Got the Encyclopedia of Elliptic Fire
 51438 | Desolati | Got Sif Muna's Disquisition on Friendly Kindling
 51502 | Desolati | Identified the amulet "Isou" {Acrobat rN+ Will++}
 51587 | Desolati | Got the Incunabulum of Dynamic Fire
 51593 | Desolati | Identified the ring of Altruism {Ice rElec Will- SInv}
 51646 | Desolati | Identified the ring "Bahulepe" {Will+ AC+4}
 51686 | Desolati | Identified the ring of Gin and Tonic {rPois rF- Str+7 Int+3
                  | Dex+2}
 52704 | Vaults:4 | Found Hipluj's Book Boutique.
 53489 | Vaults:5 | Entered Level 5 of the Vaults
 53492 | Vaults:5 | Noticed a dread lich
 53503 | Vaults:5 | Noticed a golden dragon
 53519 | Vaults:5 | Killed a dread lich
 53532 | Vaults:5 | Reached skill level 24 in Necromancy
 53587 | Vaults:5 | Reached XP level 22. HP: 93/159 MP: 8/38
 53670 | Vaults:5 | Got the Dissertation on the Productive Quarry
 53813 | Vaults:5 | Noticed an ancient lich
 53817 | Vaults:5 | Killed an ancient lich
 53818 | Vaults:5 | Reached skill level 25 in Necromancy
 53834 | Vaults:5 | Identified the ring "Ebijuom" {Ice Int+4 Dex+4}
 53853 | Vaults:5 | Found the +9 scales of the Dragon King {rPois rF+ rC+
                  | Will+}
 53870 | Vaults:5 | Identified the +2 pair of boots "Sutiosaq" {Rampage Will+
                  | Str+3}
 54032 | Vaults:5 | Noticed an ancient lich
 54037 | Vaults:5 | Killed an ancient lich
 54066 | Vaults:5 | Identified the +2 chain mail "Askoiczoev" {rElec rPois
                  | Int+3 Dex-5}
 54071 | Vaults:5 | Identified the +1 helmet of the Eternal Void {rElec rC+
                  | Will-}
 54075 | Vaults:5 | Identified the +1 leather armour of Ennui {Harm rN++ Will+
                  | Dex-4}
 54081 | Vaults:5 | Identified the +5 mace of Untimely Demise {freeze, rN+}
 54134 | Vaults:5 | Noticed a golden dragon
 54142 | Vaults:5 | Killed a golden dragon
 54216 | Vaults:5 | Noticed a golden dragon
 54228 | Vaults:5 | Killed a golden dragon
 54337 | Vaults:5 | Reached skill level 26 in Necromancy
 54390 | Vaults:5 | Got the Precepts of Hexes and Companions
 54394 | Vaults:5 | Got a silver rune of Zot
 54462 | Vaults:5 | Identified the +2 hand axe of the Owl {drain, Dex+9}
 55334 | Depths:1 | Entered Level 1 of the Depths
 55342 | Depths:1 | Found Setzurih's Magic Scroll Shoppe.
 55526 | Depths:1 | Noticed Sojobo
 55535 | Depths:1 | Killed Sojobo
 55897 | Depths:1 | Found a gateway to Hell.
 56075 | Depths:2 | Identified the +3 rapier of Seudutz {venom, Dex+2}
 56536 | Depths:2 | Found Rof Latt's Antique Weapon Shop.
 56665 | Depths:2 | Gained mutation: Spells you cast may paralyse nearby
                  | enemies. [demonic ancestry]
 56665 | Depths:2 | Reached XP level 23. HP: 133/165 MP: 17/41
 56728 | Depths:2 | Found a one-way gate leading to the halls of Pandemonium.
 56887 | Depths:2 | Reached skill level 15 in Spellcasting
 56898 | Depths:2 | Identified the +8 great sword of Zumel {vorpal, rElec
                  | Str+5}
 57314 | Depths:2 | Learned a level 9 spell: Death's Door
 57739 | Depths:3 | Found a one-way gateway to a ziggurat.
 58037 | Depths:3 | Noticed a juggernaut
 58064 | Depths:3 | Killed a juggernaut
 58092 | Depths:3 | Noticed a juggernaut
 58103 | Depths:3 | Killed a juggernaut
 58325 | Depths:3 | Identified the +4 sling of Urphar Qiwan {freeze, Str+6}
 58335 | Depths:3 | Found the +4 moon troll leather armour {Spirit, Regen++
                  | MP+5}
 58398 | Depths:3 | Paralysed by a floating eye for 3 turns
 58455 | Depths:3 | Found a corrupted altar of Lugonu.
 58456 | Depths:3 | Found a one-way gate to the infinite horrors of the Abyss.
 59018 | Depths:4 | Entered Level 4 of the Depths
 59018 | Depths:4 | Noticed the Enchantress
 59018 | Depths:4 | Noticed Mennas
 59470 | Depths:4 | Noticed a caustic shrike
 59470 | Depths:4 | Noticed a caustic shrike
 59605 | Depths:4 | Noticed a caustic shrike
 59607 | Depths:4 | Noticed a caustic shrike
 59612 | Depths:4 | Killed a caustic shrike
 59616 | Depths:4 | Killed a caustic shrike
 59642 | Depths:4 | Noticed a caustic shrike
 59643 | Depths:4 | Noticed a caustic shrike
 59646 | Depths:4 | Noticed a caustic shrike
 59648 | Depths:4 | Killed a caustic shrike
 59650 | Depths:4 | Killed a caustic shrike
 59653 | Depths:4 | Killed a caustic shrike
 59654 | Depths:4 | Killed a caustic shrike
 59655 | Depths:4 | Killed a caustic shrike
 59735 | Depths:4 | Learned a level 8 spell: Borgnjor's Revivification
 59804 | Depths:4 | Found a gate to the Realm of Zot.
 59823 | Depths:4 | Killed Mennas
 59841 | Depths:4 | Upgraded the game from 0.29.1-13-g9f3cf754e1 to
                  | 0.29.1-14-g9c671dbff4
 60170 | Depths:4 | Killed the Enchantress
 60207 | Depths:4 | Gained mutation: You are very robust. (+20% HP) [demonic
                  | ancestry]
 60207 | Depths:4 | Reached XP level 24. HP: 128/188 MP: 19/45
 60739 | Crypt:1  | Entered Level 1 of the Crypt
 61149 | Crypt:1  | Reached skill level 27 in Necromancy
 61171 | Crypt:1  | Reached skill level 1 in Staves
 61577 | Crypt:2  | Reached skill level 5 in Staves
 62161 | Crypt:3  | Entered Level 3 of the Crypt
 62161 | Crypt:3  | Found a runed translucent gate.
 62161 | Crypt:3  | Found a runed translucent gate.
 62162 | Crypt:3  | Found a runed translucent gate.
 62182 | Crypt:3  | Found an ancient bone altar of Kikubaaqudgha.
 62189 | Crypt:3  | Noticed a dread lich
 62189 | Crypt:3  | Noticed Baibufen's ghost (veteran CeHu)
 62235 | Crypt:3  | Found an ancient bone altar of Kikubaaqudgha.
 62258 | Crypt:3  | Noticed a dread lich
 62262 | Crypt:3  | Killed a dread lich
 62266 | Crypt:3  | Found the +8 demon blade "Leech" {vamp, Harm Drain rN+}
 62297 | Crypt:3  | Identified the +7 glaive "Udoghuta" {flame, rF+ Int+2
                  | Dex+2}
 63062 | Crypt:3  | Noticed Vv
 63232 | Crypt:3  | Found an ancient bone altar of Kikubaaqudgha.
 63537 | Crypt:3  | Killed Vv
 63679 | Crypt:3  | Found a staircase to the Tomb.
 63897 | Crypt:3  | Killed a dread lich
 63917 | Crypt:3  | Killed Baibufen's ghost
 63923 | Crypt:3  | Identified the ring of Hovev {rPois rF- rC+++ SInv Stlth-}
 63931 | Crypt:3  | Identified the +2 helmet "Titydiklacw" {Str+2 SInv}
 64573 | Orc:2    | Bought a shimmering scale mail for 351 gold pieces
 64573 | Orc:2    | Identified the +10 scale mail of Summertime {rElec} (You
                  | bought it in a shop on level 2 of the Orcish Mines)
 64577 | Orc:2    | Bought a spiked chain mail for 370 gold pieces
 64577 | Orc:2    | Identified the +8 chain mail of Ijuar {rCorr Str+4} (You
                  | bought it in a shop on level 2 of the Orcish Mines)
 64579 | Orc:2    | REPLACE CLOAK
 64719 | D:10     | You paid a toll of 7 potions of haste to enter a treasure
                  | trove
 64720 | Trove    | Entered a treasure trove
 64722 | Trove    | Found the +0 staff of Battle
 65011 | Depths:3 | Voluntarily entered the Abyss.
 65282 | Abyss:2  | Reached XP level 25. HP: 164/194 MP: 31/48
 65289 | Abyss:3  | Found a corrupted altar of Lugonu.
 65513 | Abyss:3  | Gained mutation: You passively dampen the noise of your
                  | surroundings. [a neqoxec]
 65894 | Abyss:3  | Found a corrupted altar of Lugonu.
 66128 | Abyss:3  | Reached skill level 15 in Evocations
 66488 | Abyss:3  | Got an abyssal rune of Zot
 66780 | Abyss:3  | Noticed a shard shrike
 66780 | Abyss:3  | Noticed a juggernaut
 66780 | Abyss:3  | Noticed a juggernaut
 66938 | Depths:3 | Escaped the Abyss
 67345 | Tomb:1   | Entered Level 1 of the Tomb of the Ancients
 67403 | Tomb:1   | Reached skill level 10 in Summonings
 68592 | Tomb:1   | Noticed a royal mummy
 68592 | Tomb:1   | Noticed a royal mummy
 68598 | Tomb:1   | Killed a royal mummy
 68609 | Tomb:1   | Gained mutation: You have a pair of small horns on your
                  | head. [mutagenic glow]
 68610 | Tomb:1   | Killed a royal mummy
 68626 | Tomb:1   | Gained mutation: Your flesh is heat resistant. (rF+)
                  | [mutagenic glow]
 68724 | Tomb:1   | Paralysed by a Zot trap for 2 turns
 68741 | Tomb:2   | Noticed a royal mummy
 68741 | Tomb:2   | Noticed a royal mummy
 68741 | Tomb:2   | Noticed a royal mummy
 68741 | Tomb:2   | Noticed a royal mummy
 68749 | Tomb:2   | Killed a royal mummy
 68753 | Tomb:2   | Killed a royal mummy
 68755 | Tomb:2   | Killed a royal mummy
 68790 | Tomb:2   | Gained mutation: You are extremely robust. (+30% HP)
                  | [demonic ancestry]
 68790 | Tomb:2   | Reached XP level 26. HP: 96/205 MP: 5/48
 69097 | Tomb:2   | HP: 7/205 [twister/vortex[a Zot trap] (21)]
 69677 | Zot:1    | Entered Level 1 of the Realm of Zot
 70877 | Zot:2    | You fall into a shaft and drop 2 floors!
 71319 | Zot:2    | Noticed an orb of fire
 71545 | D:11     | Bought a ring of protection from fire for 375 gold pieces
 72050 | Zot:2    | Killed an orb of fire
 73169 | Zot:4    | Identified the ring "Fogaon" {rCorr Dex+4 Stlth+}
 73945 | Zot:5    | Entered Level 5 of the Realm of Zot
 74297 | Zot:5    | Identified the +7 glaive "Sime" {vorpal, Fly rElec rCorr
                  | Str-2}
 74489 | Zot:5    | Noticed an ancient lich
 74547 | Zot:5    | Killed an ancient lich
 74738 | Zot:5    | Noticed an orb of fire
 74746 | Zot:5    | Noticed an orb of fire
 74751 | Zot:5    | Gained mutation: You have hidden genetic defects. [an orb
                  | of fire]
 74755 | Zot:5    | Noticed an orb of fire
 74775 | Zot:5    | HP: 8/205 [electric golem/bolt of lightning (16)]
 74775 | Zot:5    | Killed from afar by an electric golem

Illustrated notes

..).).....#)....#.#.##
).........)..........#
..).##.#.))..#....#.##
....###.....###...###
....##.......##..##
...###############
....############## ############
.....##.....##∩..## ##..∩##.....#
.#...##......##∩@.###.(∩##......#
.##..##.).)...##...#...##....)..#
.....###..).[..###...###.......##
.....# ##.....)..............)##
.....# ##..[[...............##
..>..# #..###.........###..#
.....# #..# #.........# #..#
.....# #..# #.........# #..#
.....# #..# #....⌠....# #..#


Turn 64579 on Orc:2: REPLACE CLOAK

Levels and vault maps discovered:
D:1:      heliophobic_arrival_ceremonial_halls, layout_basic,
          nicolae_figureground_sparkle
D:2:      layout_rooms, basic_ecumenical_altar, uniq_terence
D:3:      layout_rooms, mainiacjoe_overflow_brackets,
          nicolae_gozag_seed_capital, mainiacjoe_overflow_alcove_2, uniq_sigmund
D:4:      layout_loops_corners
D:5:      layout_loops_ring, nicolae_qazlal_eye_of_the_storm,
          minmay_temple_entry_statues_fountains
D:6:      layout_basic, fedhas_altar_4, mainiacjoe_overflow_tiny_flanked,
          serial_shops, nicolae_shop_advertising_works
          [nicolae_subvault_shop_adworks], uniq_pikel, uniq_duvessa,
          uniq_blork_the_orc, uniq_edmund
D:7:      layout_rooms, enter_ossuary_5, st_stairs_6
D:8:      layout_gridville, dpeg_oklobed_lair, item_on_display_a
D:9:      wad_crossroads, layout_irregular_city, ebering_ghost_reflecting_pool,
          minmay_misc_feat_five, nicolae_elemental_shop, uniq_maggie
D:10:     layout_rooms, makhleb_altar_promises_db, erik_orc_1, serial_shops,
          shop, nicolae_diamond_shop, shop, nicolae_shop_waterfront,
          nicolae_inconvenience_store, enter_trove_6
D:11:     minmay_polygon_palace, layout_irregular_city, serial_shops,
          nicolae_take_the_stairs
D:12:     layout_big_octagon, uniq_fannar, uniq_josephine, uniq_urug
D:13:     layout_basic, serial_shops, kennysheep_mini_moat,
          gauntlet_entry_generic
D:14:     layout_rooms, david_vaults_2, dk_noncrumbling_3, uniq_snorg
D:15:     hangedman_depths_entry_civil_slaughter, layout_rooms, fountainhead,
          glass_columns_a, tgw_sif, uniq_louise, uniq_kirke
Temple:   nicolae_temple_superstar
Lair:1:   minmay_guarded_unrand_snakebite, layout_cave_pods, basic_altar,
          grunt_megastairs_1
Lair:2:   layout_big_grid, gammafunk_ghost_ooze, uniq_gastronok
Lair:3:   layout_long_grid, palyth_hydra_swamp_entry,
          guppyfry_snake_entry_garden, enter_volcano_4, minivault_26,
          grunt_megastairs_5, lemuel_fruit_tree
Lair:4:   layout_cave_pods, dpeg_slime_entry_enclosed, nzn_ghost_randoct,
          nicolae_lair_time_for_slime, serial_bayou_shore_a, uniq_rupert
Lair:5:   minmay_lair_end_frog_pond, layout_concentric_octagons
Swamp:1:  layout_basic_swamp, evilmike_swamp_ruin_rubble_2
Swamp:2:  layout_falls_marsh, serial_swamp_ruin, evilmike_swamp_ruin_house_4,
          evilmike_swamp_ruin_house_2, evilmike_swamp_ruin_rubble_1,
          swamp_pool1, infiniplex_staircase_pool
Swamp:3:  layout_falls_marsh, nicolae_swamp_triple_paths, nicolae_swamp_treefoil
Swamp:4:  swamp_fiery, layout_basic_swamp
Snake:1:  layout_onion_interference, minmay_shop_star, uniq_aizul
Snake:2:  layout_rooms, drop_trap, minmay_shoptagon, grunt_megastairs_2,
          uniq_roxanne
Snake:3:  layout_gridlike, ebering_ghost_inner_flame, special_room,
          nicolae_shop_firing_range, serial_bayou_shore_b, uniq_vashnia
Snake:4:  grunt_snake_rune_serpentine_throne, layout_misc_corridors,
          portal_ice_cave_entry_ice_statue_one
Slime:1:  layout_caves
Orc:1:    layout_diamond_mine, basic_altar
Orc:2:    st_orc_congregation, layout_caves, uniq_erolcha
Elf:1:    eino_elf_arrival_the_gate, layout_loops_corners, minmay_elf_sorcery
Elf:2:    elven_hall_of_blades_hangedman_alternative [nicolae_blade_tridents],
          layout_rooms, serial_shops, nicolae_shop_behind_doors
Elf:3:    grunt_elf_hall_branching, layout_geoelf_castle,
          dreamdust_deal_with_the_devil
Vaults:1: ebering_ghost_reflecting_pool, v_alt_pattern_1, ontoclasm_vaults_spin,
          v_misc_15, nicolae_vaults_yaktaur_gun_rack, v_misc_8,
          nicolae_vaults_little_squares_6, ontoclasm_vaults_decontamination,
          vaults_room_semicircle, layout_vaults_omnigrid, serial_shops,
          nicolae_shop_temple_entry_statues_fountains
Vaults:2: ontoclasm_vaults_shuriken, v_misc_2, nicolae_vaults_ring_of_whatevers,
          nicolae_vaults_network_quinsquares
          [nicolae_vaults_network_quincunx_subvault,
          nicolae_vaults_network_quincunx_subvault,
          nicolae_vaults_network_quincunx_subvault,
          nicolae_vaults_network_quincunx_subvault], v_pattern_5,
          nicolae_vaults_windows_and_doors_thing, minmay_crypt_entry_necro_gods,
          v_alt_pattern_5, vaults_dpeg_encased_lava, nicolae_vaults_gold_heap,
          layout_vaults_big_room
Vaults:3: nicolae_vaults_quartermaster, vaults_dpeg_diagonal,
          nicolae_vaults_arrows, v_misc_18, hangedman_vaults_restitches,
          vaults_room_stairs_pillars, v_rooms_1,
          nicolae_vaults_mini_display_case, grunt_vaults_hallway_short,
          layout_vaults_omnicross, serial_shops, shop, uniq_mara
Vaults:4: portal_desolation_entry_garden, v_misc_24, v_misc_33,
          vaults_room_door_ring, grunt_vaults_twisty, ontoclasm_vaults_twist,
          vaults_room_door_ring, vaults_mumra_minichess, grunt_vaults_focal,
          v_misc_31, ontoclasm_vaults_chip, hangedman_vaults_slice,
          ontoclasm_vaults_ring_small, layout_vaults_ring, serial_shops,
          nicolae_shop_stone
Vaults:5
Crypt:1:  layout_misc_corridors, grunt_crypt_arrival_webbed
Crypt:2:  layout_rooms, grunt_megastairs_4
Crypt:3:  church_of_pain_bobbens, layout_chaotic_city,
          nicolae_tomb_entry_unfolded_pyramid_orthogonal, gammafunk_ghost_crypt,
          corner_web_ring, columned_hall_lemuel, minivault_26,
          weyrava_vampire_temple, uniq_vv, uniq_josephina
Tomb:1
Tomb:2
Depths:1: layout_gridlike, minmay_misc_feat_columns,
          hangedman_tar_grid_catacomb, serial_shops,
          nicolae_shop_window_shopping, minmay_misc_feat_secret_circle,
          kennysheep_cluttered_room, uniq_sojobo
Depths:2: minmay_the_grid_plus_closed [minmay_the_grid_x,
          minmay_the_grid_stretched_grid, minmay_the_grid_armoury,
          minmay_the_grid_minigrid_small_alt,
          minmay_the_grid_prize_four_corners_diamond_a], layout_cave_shapes,
          rand_demon_pan_entry_1, serial_shops, nicolae_shop_window_shopping,
          hell_entry, roderic_roman_lattice, nicolae_lava_and_water
Depths:3: minmay_crescents, layout_gridlike, enter_ziggurat_e, serial_curves,
          eino_curves_03, eino_curves_04, abyss_entry_flame_altar, hell_entry,
          rand_demon_pan_entry_3, chequers_serial_rivers_micro_c
Depths:4: evilmike_zot_entry_basic, layout_gridlike, hellmouth_2,
          kennysheep_doodads, uniq_enchantress, uniq_mennas
Zot:1:    layout_onion
Zot:2:    layout_concentric_octagons
Zot:3:    layout_onion, grunt_megastairs_3
Zot:4:    layout_onion_interference, st_small_dragon_hoard_4
Zot:5:    layout_misc_corridors

Skill      XL: |  1  2  3  4  5  6  7  8  9 10 11 12 13 14 15 16 17 18 19 20 21 22 23 24 25 26 |
---------------+-------------------------------------------------------------------------------+-----
Necromancy     | 5 6 9 12 13 16 17 19 21 22 23 24 26 27 | 27.0
Stealth        | 2 4 5 11 14 | 14.6
Spellcasting   | 3 5 7 8 11 12 14 18 21 24 | 24.3
Evocations     | 4 5 11 12 18 | 18.0
Polearms       | 2 5 8 |  8.7
Maces & Flails | 4 7 |  7.0
Dodging        | 5 |  5.0
Armour         | 7 |  7.3
Fighting       | 3 5 |  5.4
Shields        | 5 6 13 16 19 | 19.9
Summonings     | 4 8 13 14 | 14.0
Earth Magic    | 6 |  6.9
Staves         | 9 |  9.7
Hexes          | |  0.4

Action                   |  1- 3 |  4- 6 |  7- 9 | 10-12 | 13-15 | 16-18 | 19-21 | 22-24 | 25-27 || total
-------------------------+-------+-------+-------+-------+-------+-------+-------+-------+-------++-------
Melee: Unarmed           |     9 |       |       |       |       |       |       |       |       ||     9
       Punch             |     1 |       |       |       |       |       |       |       |       ||     1
       Short sword       |     9 |    32 |   198 |       |       |       |       |       |       ||   239
       Kick              |       |     7 |    74 |       |       |    34 |    81 |   132 |    87 ||   415
       Spear             |       |       |    56 |   271 |   363 |       |       |     3 |    22 ||   715
       Whip              |       |       |       |    29 |    11 |       |       |       |       ||    40
       Demon trident     |       |       |       |       |   110 |    69 |     4 |       |       ||   183
       Staff             |       |       |       |       |       |   203 |   176 |   219 |   157 ||   755
       Morningstar       |       |       |       |       |       |       |     7 |       |       ||     7
       Dagger            |       |       |       |       |       |       |     2 |    46 |       ||    48
       Headbutt          |       |       |       |       |       |       |       |       |    33 ||    33
Throw: Throwing net      |       |       |       |       |     1 |       |       |       |       ||     1
 Cast: Necrotise         |    60 |    75 |    34 |       |       |       |       |    26 |       ||   195
       Vampiric Draining |       |       |    51 |    29 |    14 |     1 |     3 |    17 |    12 ||   127
       Animate Dead      |       |       |     4 |     2 |     1 |     1 |       |       |       ||     8
       Agony             |       |       |       |     5 |       |       |     1 |       |       ||     6
       Borgnjor's Vile C |       |       |       |   106 |   237 |   134 |    78 |   134 |   126 ||   815
       Sublimation of Bl |       |       |       |    34 |    95 |   133 |   112 |   153 |   130 ||   657
       Death Channel     |       |       |       |     9 |    30 |    25 |    31 |    34 |    48 ||   177
       Infestation       |       |       |       |       |    12 |   103 |   122 |    87 |   113 ||   437
       Dispel Undead     |       |       |       |       |       |     4 |       |   120 |    72 ||   196
       Haunt             |       |       |       |       |       |       |    14 |    17 |    18 ||    49
       Death's Door      |       |       |       |       |       |       |       |     2 |       ||     2
       Borgnjor's Revivi |       |       |       |       |       |       |       |       |     1 ||     1
Invok: Unearth Wretches  |       |       |     2 |     1 |     3 |     6 |     6 |     3 |     7 ||    28
       Torment           |       |       |       |       |     1 |     3 |     5 |       |       ||     9
       Receive Forbidden |       |       |       |       |     1 |       |       |       |       ||     1
Evoke: Wand              |       |       |    13 |     4 |     6 |     8 |       |       |       ||    31
       Phial of floods   |       |       |       |       |       |       |       |       |     1 ||     1
  Use: Potion            |     1 |       |     1 |       |    12 |     2 |     3 |     1 |     6 ||    26
       Scroll            |     1 |     3 |     8 |    12 |    11 |     8 |     6 |     4 |    22 ||    75
 Stab: Sleeping          |       |     4 |    11 |    10 |     9 |     7 |     7 |    24 |     6 ||    78
       Distracted        |       |     1 |     3 |     5 |     2 |     3 |     4 |     3 |     5 ||    26
       Petrified         |       |       |       |       |     8 |       |       |       |       ||     8
       Held in net/web   |       |       |       |       |     1 |       |       |       |       ||     1
       Paralysed         |       |       |       |       |       |       |    17 |    44 |    29 ||    90
Armor: Robe              |     4 |       |       |       |       |       |       |       |       ||     4
       Ring mail         |       |    14 |   100 |       |       |       |       |   181 |   117 ||   412
       Steam dragon scal |       |       |     1 |    30 |       |       |       |       |       ||    31
       Troll leather arm |       |       |       |    91 |   182 |   211 |   102 |     5 |       ||   591
       Scale mail        |       |       |       |       |       |       |       |       |    12 ||    12
Dodge: Dodged            |    10 |    20 |   129 |   188 |   225 |   157 |   100 |   106 |   139 ||  1074
Block: Buckler           |       |       |    55 |    57 |   129 |    21 |       |       |       ||   262
       Reflection        |       |       |       |     1 |    22 |     8 |    34 |     8 |     3 ||    76
       Kite shield       |       |       |       |       |       |   128 |   218 |   289 |   294 ||   929
